 Dungeon Crawl Stone Soup version 0.23.2-30-g0e89c35 (webtiles) character file.

Game seed: 1985861942053419080

28 Fang the Skirmisher (level 3, -4/36 HPs)
             Began as a Gargoyle Berserker on June 12, 2019.
             Was a Follower of Trog.
             Slain by an orc warrior
             ... wielding a +0 long sword
              (8 damage)
             ... on level 2 of the Dungeon.
             The game lasted 00:01:44 (851 turns).

Fang the Skirmisher (Gargoyle Berserker)             Turns: 851, Time: 00:01:45

Health: -4/36      AC:  5    Str: 26    XL:     3   Next: 14%
Magic:  3/3        EV: 12    Int:  7    God:    Trog [*.....]
Gold:   55         SH:  0    Dex:  9    Spells: 2/2 levels left

rFire    . . .     SeeInvis .   a - +0 hand axe
rCold    . . .     Gourm    .   (no shield)
rNeg     + . .     Faith    .   b - +0 animal skin
rPois    ∞         Spirit   .   (no helmet)
rElec    +         Reflect  .   (no cloak)
rCorr    .         Harm     .   (no gloves)
MR       .....                  (no boots)
Stlth    ..........             g - amulet of rage
HPRegen  0.12/turn              (no ring)
MPRegen  0.08/turn              (no ring)

@: berserking, very quick
A: negative energy resistance 1, electricity resistance, unbreathing,
petrification resistance, rot immunity, AC +3
a: Berserk, Renounce Religion, Evoke Berserk Rage


You were on level 2 of the Dungeon.
You worshipped Trog.
Trog was aware of your devotion.
You were hungry.

You visited 1 branch of the dungeon, and saw 2 of its levels.

You collected 55 gold pieces.

Inventory:

Hand Weapons
 a - a +0 hand axe (weapon)
Armour
 b - a +0 animal skin (worn)
Jewellery
 g - an amulet of rage (around neck)
Scrolls
 f - a scroll of blinking {unknown}
 h - a scroll of identify {unknown}
 j - a scroll of remove curse {unknown}
Potions
 d - a potion of heal wounds {unknown}
 e - 2 potions of agility {unknown}
 i - 2 potions of haste {unknown}
 k - a potion of brilliance {unknown}
Comestibles
 c - a ration


   Skills:
 + Level 3.6 Fighting
 + Level 3.0 Axes
 + Level 2.6 Armour
 + Level 2.0 Dodging


You had 2 spell levels left.
You didn't know any spells.
Your spell library was empty.

Dungeon Overview and Level Annotations

Branches:
Dungeon (2/15)

Altars:


Innate Abilities, Weirdness & Mutations

You are resistant to torment.
Your stone body is resilient. (AC +3)
You are immune to poison.
You resist negative energy. (rN+)
You are resistant to electric shocks. (rElec)
You can survive without breathing.
You are immune to petrification.
You are immune to rotting.


Message History

You are too injured to fight recklessly!
You are too injured to fight recklessly!
You are too injured to fight recklessly!
You are too injured to fight recklessly!
You are too injured to fight recklessly!
You are too injured to fight recklessly!
You barely miss the orc warrior. You closely miss the orc.
The orc hits you with a +0 club.
The orc warrior hits you with a +0 long sword!
* * * LOW HITPOINT WARNING * * *
You hit the orc warrior.
The orc warrior is moderately wounded.
You slash the orc!
You kill the orc!
Trog accepts your kill.
You hit the orc warrior but do no damage.
The orc warrior is moderately wounded.
You hit the dart slug.
The orc warrior hits you with a +0 long sword!
You die...

................
#.##.###.#######
#.##............
..###....#######
#.#### #.######
#......#
#..###.#
#.....@#
###.#.ow..#
#.#.##...# #.#..
.#.# #.###. . ..
#.. .##. ## ###
# .# #


You could see an orc warrior and a dart slug.

Vanquished Creatures
  2 orcs (D:2)
  5 bats (D:1)
  2 giant cockroaches (D:1)
  A goblin (D:1)
  3 hobgoblins (D:1)
  2 jackals (D:1)
  4 kobolds
  A frilled lizard (D:2)
  4 rats (D:1)
24 creatures vanquished.

Notes
Turn   | Place    | Note
-------+----------+-------------------------------------------
     0 | D:1      | Fang the Gargoyle Berserker began the quest for the Orb.
     0 | D:1      | Reached XP level 1. HP: 14/14 MP: 1/1
   345 | D:1      | Reached XP level 2. HP: 19/19 MP: 2/2
   837 | D:2      | Reached XP level 3. HP: 23/23 MP: 3/3
   839 | D:2      | Noticed an orc warrior
   851 | D:2      | Slain by an orc warrior

Skill      XL: |  1  2 |
---------------+-------+-----
Axes           | 3 |  3.0
Dodging        | 2 |  2.0
Fighting       | |  3.6
Armour         | |  2.6

Action                   || total
-------------------------++-------
Melee: Hand axe          ||    78
Invok: Berserk           ||     2
  Eat: Chunk             ||     1
Armor: Animal skin       ||    25
Dodge: Dodged            ||    67
